Map: Deathaura LE

Players

seRRal - Winner!

  • Race: Zerg Zerg
  • Spawn Location: 11:00

cure

  • Race: Terran Terran
  • Spawn Location: 5:00

Event: StayAtHome Story Cup #3

VOD

Have the link to the VOD?

Description

Time

  • Played on: March 14, 2021, 1:34 p.m.
  • Length: 20:26

All games in this series

Show
View Real Time Build Order
Export as new Build Order

seRRal Zerg - Winner!

Build Orders: Hatch First, Muta Ling Bane 

Get SALT Encoding   

  12  0:00  Drone  
  13  0:12  Overlord  
  13  0:17  Drone  
  14  0:30  Drone  
  14  0:31  Drone  
  16  0:47  Hatchery  
  15  0:51  Drone  
  15  0:55  Drone  
  17  0:58  Drone  
  18  1:14  Spawning Pool  
  18  1:15  Drone  
  18  1:19  Drone  
  18  1:22  Extractor  
  18  1:27  Drone  
  19  1:38  Drone  
  20  1:49  Drone  
  21  2:01  Queen x2  
  21  2:02  Zergling x4  
  27  2:10  Overlord  
  27  2:11  Drone  
  28  2:23  Hatchery  
  28  2:26  Drone  
  28  2:32  Drone x2  
  28  2:34  Drone  
  31  2:39  Pneumatized Carapace  
  31  2:46  Queen  
  33  2:51  Overlord  
  33  2:56  Drone x2  
  35  2:58  Drone  
  36  3:10  Drone x5  
  41  3:15  Metabolic Boost  
  41  3:18  Overlord  
  41  3:24  Queen  
  43  3:30  Overlord  
  43  3:36  Spine Crawler, Queen  
  44  3:46  Queen  
  47  3:48  Drone x2  
  47  3:49  Drone  
  47  3:52  Overlord  
  49  3:56  Zergling x6  
  49  3:58  Drone  
  49  4:00  Drone x2  
  55  4:06  Queen  
  55  4:09  Zergling x2  
  58  4:12  Overlord  
  58  4:18  Drone x5  
  58  4:23  Spore Crawler  
  62  4:26  Drone, Spore Crawler  
  62  4:27  Drone  
  62  4:28  Drone  
  62  4:30  Zergling x2  
  65  4:32  Drone x2  
  65  4:36  Overlord  
  65  4:37  Drone  
  68  4:40  Overlord  
  68  4:43  Overlord  
  68  4:47  Overlord  
  68  4:53  Baneling Nest  
  68  4:57  Spore Crawler  
  68  4:59  Queen  
  68  5:00  Drone x5  
  68  5:05  Zergling x4  
  68  5:07  Drone x3  
  77  5:08  Drone  
  77  5:09  Drone  
  80  5:15  Lair  
  80  5:17  Drone x2  
  80  5:18  Drone, Extractor  
  80  5:19  Extractor, Zergling x2  
  82  5:23  Drone x3  
  82  5:24  Drone  
  82  5:26  Drone  
  86  5:30  Drone x2  
  87  5:37  Drone  
  87  5:38  Drone x2  
  87  5:42  Drone  
  86  5:44  Drone x2  
  86  5:45  Drone  
  86  5:49  Drone x2  
  89  5:57  Overlord x3  
  89  6:04  Extractor  
  89  6:05  Extractor x2  
  89  6:06  Evolution Chamber x2  
  84  6:12  Hatchery  
  84  6:16  Queen  
  84  6:18  Drone x8  
  93  6:21  Centrifical Hooks  
  93  6:27  Overlord  
  93  6:30  Zergling x10  
  93  6:31  Overseer  
  98  6:37  Baneling x7  
  98  6:38  Baneling  
  98  6:43  Overlord  
  98  6:45  Zergling x2  
  98  6:46  Zergling x6  
  102  6:50  Zerg Melee Weapons Level 1, Zerg Ground Armor Level 1  
  102  6:57  Drone  
  102  6:58  Drone x8  
  111  7:08  Zergling x12, Spire  
  116  7:12  Queen  
  118  7:16  Overlord  
  118  7:18  Overlord  
  117  7:30  Zergling x14  
  117  7:32  Baneling  
  117  7:33  Baneling x3  
  124  7:39  Queen  
  124  7:41  Baneling x3  
  123  7:46  Zergling x18  
  123  7:49  Zergling x2  
  128  8:02  Zergling x14  
  133  8:11  Baneling x5  
  133  8:14  Hatchery  
  131  8:24  Overlord x3  
  131  8:25  Overlord x2  
  119  8:38  Mutalisk x8  
  135  8:43  Mutalisk x2  
  135  8:44  Mutalisk x4  
  135  8:48  Overseer  
  146  8:50  Zergling x10  
  146  8:53  Hatchery  
  146  8:55  Zerg Flyer Weapons Level 1  
  150  8:59  Baneling x4  
  150  9:00  Zergling x14  
  157  9:06  Zergling x4  
  157  9:15  Mutalisk x2  
  161  9:21  Extractor  
  161  9:24  Extractor  
  158  9:25  Drone x10  
  158  9:26  Drone  
  170  9:31  Zergling x6  
  170  9:34  Hatchery  
  166  9:42  Zerg Ground Armor Level 2, Zerg Melee Weapons Level 2  
  166  9:44  Mutalisk  
  168  9:45  Overlord  
  168  9:46  Overlord x4  
  168  9:49  Overlord  
  168  9:50  Overlord  
  168  9:54  Overlord  
  168  9:58  Zergling x14  
  175  10:11  Infestation Pit  
  175  10:12  Zergling x2  
  175  10:13  Zergling x12  
  181  10:15  Baneling x9  
  181  10:18  Queen  
  181  10:20  Baneling x16  
  183  10:25  Drone x13, Burrow  
  194  10:36  Mutalisk x2  
  196  10:53  Spore Crawler  
  196  10:54  Spine Crawler  
  194  11:03  Mutalisk  
  194  11:04  Mutalisk  
  194  11:05  Hive  
  194  11:06  Drone  
  194  11:10  Spore Crawler  
  198  11:16  Baneling x10  
  198  11:17  Zerg Flyer Weapons Level 2  
  198  11:21  Drone, Spore Crawler  
  198  11:23  Spine Crawler  
  192  11:29  Zergling x28  
  192  11:30  Zergling x6  
  200  11:51  Baneling x9  
  200  11:52  Baneling x13  
  200  11:56  Extractor  
  200  11:57  Extractor  
  197  12:12  Zergling x12  
  186  12:25  Zergling x28  
  186  12:27  Zerg Melee Weapons Level 3, Adrenal Glands, Zerg Ground Armor Level 3  
  186  12:29  Ultralisk Cavern  
  199  12:39  Drone  
  199  12:42  Drone  
  193  12:55  Zergling x4  
  193  12:56  Zergling x24  
  197  13:01  Baneling x4  
  197  13:10  Zergling x30  
  198  13:24  Mutalisk x5  
  198  13:26  Zergling x4  
  194  13:36  Zergling x20  
  194  13:37  Zergling x2  
  194  13:39  Baneling x6  
  194  13:40  Baneling x8  
  194  13:41  Baneling x2  
  199  13:42  Baneling x20  
  199  13:43  Zerg Flyer Weapons Level 3  
  199  13:44  Baneling  
  199  13:45  Baneling x13  
  199  13:46  Chitinous Plating  
  199  14:06  Overseer  
  173  14:33  Ultralisk  
  173  14:34  Ultralisk x5  
  173  14:35  Zergling x8  
  199  14:40  Zergling x6  
  199  14:43  Baneling x11  
  199  15:05  Anabolic Synthesis  
  198  15:16  Zerg Missile Weapons Level 1  
  198  15:24  Drone  
  198  15:25  Drone  
  200  15:34  Hatchery  
  190  15:51  Zergling x6  
  190  15:52  Zergling x28  
  189  15:58  Zergling x22  
  199  16:14  Baneling x34  
  199  16:17  Extractor  
  199  16:18  Extractor  
  197  16:19  Drone x2  
  199  16:25  Unknown  
  199  16:29  Unknown  
  188  16:36  Zergling x18  
  188  16:37  Zergling x6  
  200  16:52  Baneling  
  199  16:59  Zergling x26  
  197  17:02  Zergling x2  
  197  17:03  Zergling x10  
  198  17:12  Baneling x26  
  198  17:17  Spore Crawler  
  198  17:18  Spine Crawler  
  198  17:19  Spine Crawler  
  195  17:24  Zergling x8  
  195  17:37  Zergling x10  
  199  17:44  Baneling x4  
  199  17:45  Baneling x8  
  184  17:54  Zergling x28  
  184  17:55  Overseer  
  184  17:56  Zerg Flyer Armor Level 1  
  191  18:02  Zergling x8  
  191  18:03  Zergling x10  
  199  18:14  Baneling x4  
  199  18:16  Hatchery  
  199  18:19  Baneling  
  188  18:20  Baneling, Ultralisk  
  188  18:21  Ultralisk  
  188  18:24  Baneling x13  
  188  18:25  Overlord x3  
  188  18:26  Overseer x3  
  188  18:27  Overseer  
  199  18:40  Hatchery  
  190  18:42  Zergling x46  
  190  18:45  Zergling x8  
  199  18:49  Baneling x13  
  181  19:17  Zergling x2  
  181  19:18  Zergling x36  
  175  19:34  Ultralisk x5  
  175  19:36  Zergling x8  
  175  19:37  Baneling x6  
  175  19:38  Baneling x12  
  199  19:43  Baneling  
  199  19:44  Baneling x14  
  195  19:46  Zergling x8  
  197  19:56  Drone x2  
  197  19:57  Drone  
Show
View Real Time Build Order
Export as new Build Order

cure Terran 

Build Orders:  

Get SALT Encoding   

  12  0:00  SCV  
  13  0:12  SCV  
  14  0:17  Supply Depot  
  14  0:24  SCV  
  15  0:38  SCV  
  15  0:39  Barracks  
  16  0:42  Refinery  
  16  0:50  SCV  
  17  1:02  SCV  
  18  1:14  SCV  
  19  1:27  Orbital Command, Marine  
  20  1:38  Command Center  
  20  1:48  Factory  
  20  1:53  SCV  
  21  2:00  Refinery  
  21  2:02  Barracks Reactor  
  21  2:05  SCV  
  22  2:09  Supply Depot  
  22  2:17  SCV  
  23  2:30  SCV  
  23  2:34  Starport  
  24  2:41  Hellion x2  
  24  2:43  SCV  
  24  2:44  Marine  
  30  2:51  Orbital Command  
  30  2:55  SCV  
  33  3:06  Widow Mine x2  
  33  3:07  SCV  
  33  3:11  Medivac  
  38  3:20  SCV x2, Armory  
  41  3:28  Widow Mine  
  41  3:29  Widow Mine  
  41  3:31  Supply Depot  
  44  3:35  SCV x2  
  46  3:53  SCV x2, Viking  
  50  3:58  Supply Depot  
  50  4:00  Hellion x2  
  54  4:04  Barracks Tech Lab  
  54  4:05  Supply Depot  
  54  4:20  SCV x2, Supply Depot  
  54  4:22  Hellion x2  
  60  4:34  SCV x2  
  60  4:36  Marine  
  60  4:37  Command Center  
  63  4:41  Stimpack  
  63  4:46  SCV x2  
  65  4:54  Factory Reactor  
  65  4:57  Marine  
  65  4:58  SCV x2  
  65  4:59  Starport Reactor  
  68  5:00  Barracks  
  68  5:02  Barracks  
  68  5:10  Engineering Bay  
  68  5:11  Engineering Bay, Supply Depot  
  68  5:12  SCV x2  
  70  5:15  Marine  
  70  5:19  Refinery  
  71  5:23  Refinery  
  71  5:28  SCV x2  
  71  5:33  Marine  
  62  5:48  Medivac  
  62  5:49  Marine x2, Medivac  
  66  5:50  Terran Infantry Armor Level 1, Terran Infantry Weapons Level 1  
  66  5:51  Marine  
  66  5:52  Orbital Command  
  66  5:56  Factory Reactor  
  67  5:59  Marine  
  67  6:00  Marine  
  69  6:05  SCV, Factory  
  69  6:06  SCV  
  69  6:07  Orbital Command, Marine x2  
  69  6:08  Marine  
  69  6:11  Barracks  
  74  6:12  Barracks  
  74  6:18  Marine x2  
  74  6:20  Combat Shield  
  74  6:24  Medivac  
  74  6:25  Marine x2  
  80  6:27  Medivac  
  80  6:28  SCV x2  
  80  6:32  SCV  
  85  6:36  Marine x3  
  85  6:37  Widow Mine  
  92  6:40  Widow Mine  
  92  6:42  Marine x2  
  92  6:43  SCV x2, Supply Depot  
  92  6:46  SCV  
  97  6:51  Supply Depot  
  96  6:58  SCV x3  
  96  6:59  Factory Tech Lab  
  96  7:00  Widow Mine  
  100  7:02  Marine  
  100  7:05  Widow Mine, Marine x4  
  107  7:10  SCV x2  
  107  7:12  Supply Depot  
  107  7:13  SCV, Supply Depot  
  106  7:24  Marine x6  
  106  7:25  Widow Mine x2  
  106  7:26  Widow Mine  
  106  7:27  Drilling Claws  
  114  7:32  SCV x3  
  115  7:38  Marine  
  115  7:42  Marine x4  
  121  7:48  Widow Mine  
  121  7:49  Widow Mine x2, Medivac x2  
  129  7:53  Refinery x2  
  129  7:55  Barracks Reactor  
  129  7:56  SCV x3  
  131  8:01  Marine x4  
  130  8:08  Terran Infantry Armor Level 2, Terran Infantry Weapons Level 2  
  130  8:09  Terran Vehicle And Ship Armor Level 1  
  130  8:11  SCV x2  
  130  8:12  SCV  
  133  8:15  Supply Depot  
  129  8:25  SCV x3  
  112  8:34  Marine x2  
  112  8:35  Marine x6  
  112  8:38  Widow Mine  
  112  8:39  Widow Mine x2, Medivac x2  
  130  8:44  SCV x2  
  130  8:45  SCV  
  133  8:54  Supply Depot  
  133  8:55  Supply Depot  
  133  9:00  SCV x3  
  136  9:04  Marine x2, Command Center  
  136  9:05  Marine x3  
  141  9:15  Marine, Supply Depot  
  142  9:18  Supply Depot  
  142  9:22  Thor  
  142  9:24  Missile Turret  
  134  9:25  Widow Mine x2  
  138  9:35  Marauder, Marine x4  
  140  9:40  Barracks Reactor  
  140  9:42  Barracks  
  140  9:44  Barracks  
  140  9:46  Widow Mine x2, Barracks  
  140  9:48  SCV x3  
  147  9:57  Marauder  
  147  9:59  Medivac x2  
  145  10:00  Marine x2  
  145  10:01  Marine x2  
  145  10:05  Widow Mine  
  145  10:06  Sensor Tower  
  151  10:07  Marine x2  
  153  10:14  Missile Turret x2  
  153  10:15  Missile Turret x2  
  153  10:18  SCV x3, Marauder, Marine x2  
  160  10:27  Thor  
  160  10:28  Widow Mine x2  
  166  10:37  Barracks Tech Lab  
  166  10:38  Barracks Tech Lab  
  166  10:41  Missile Turret  
  166  10:42  Barracks Tech Lab, Planetary Fortress  
  163  10:43  Missile Turret  
  163  10:44  Missile Turret  
  163  10:45  Terran Infantry Weapons Level 3, Missile Turret  
  163  10:47  SCV x3  
  166  10:53  Marauder, Marine x4  
  172  10:58  Concussive Shells  
  172  11:02  Terran Vehicle And Ship Armor Level 2, Terran Infantry Armor Level 3  
  172  11:07  Missile Turret  
  172  11:08  Marauder x2  
  172  11:09  Supply Depot  
  172  11:10  Marine x4, Supply Depot  
  180  11:16  Missile Turret  
  180  11:17  Missile Turret x2  
  180  11:19  Widow Mine x2  
  180  11:24  Marine x2  
  180  11:25  Marauder  
  188  11:31  Marine  
  180  11:39  Supply Depot  
  180  11:40  Marauder, Supply Depot  
  180  11:41  Supply Depot  
  180  11:48  Command Center  
  180  12:00  Marine x2  
  180  12:01  Widow Mine x2, Marauder, Marine x4  
  188  12:02  Marauder x2  
  188  12:03  Widow Mine  
  190  12:25  Marine x4  
  190  12:26  Marauder x4, Thor  
  200  12:34  Barracks x2  
  200  12:37  Barracks  
  200  12:38  Missile Turret  
  200  12:39  Missile Turret  
  187  12:59  Marauder, Marine x4  
  187  13:00  Marauder x2  
  187  13:02  Widow Mine  
  198  13:11  Medivac x2  
  198  13:12  Marine x4  
  188  13:13  Marauder  
  188  13:18  Marine x2  
  196  13:21  Marauder x2  
  179  13:28  Thor  
  179  13:29  Widow Mine x2, Marine x2  
  179  13:30  Marauder, Marine x2  
  179  13:32  Marine x2  
  191  13:34  Marauder  
  191  13:36  Marine x2  
  183  13:41  Barracks Tech Lab  
  183  13:42  Barracks Tech Lab x2, Marauder x2  
  186  13:49  Supply Depot  
  186  13:50  Widow Mine x2, Supply Depot  
  186  13:51  Marauder, Supply Depot  
  186  13:52  Marine x3  
  195  14:10  Marine  
  195  14:11  Marauder x2  
  195  14:16  Marauder  
  198  14:17  Marine x2  
  198  14:18  Marine x2  
  198  14:21  Command Center  
  197  14:38  Command Center  
  190  14:41  Command Center  
  190  14:54  Medivac  
  190  14:56  Medivac  
  189  15:02  Terran Vehicle And Ship Armor Level 3  
  189  15:05  Command Center  
  189  15:12  Widow Mine x2  
  189  15:25  Supply Depot  
  189  15:42  Marine x2  
  189  15:43  Marine x2  
  189  15:45  Marine x2  
  189  15:46  Widow Mine, Marauder x2  
  175  15:51  Marauder x2, Marine x2  
  160  16:02  Marauder x2  
  160  16:03  Orbital Command  
  164  16:11  Widow Mine x3  
  170  16:16  Orbital Command  
  170  16:17  Marine  
  171  16:26  Marauder x2  
  171  16:32  Widow Mine x2  
  177  16:37  Supply Depot  
  177  16:38  Supply Depot  
  177  16:39  Marauder x2, Supply Depot  
  185  16:40  Marauder x3  
  187  16:48  Marauder  
  187  16:49  Missile Turret  
  187  16:50  Missile Turret  
  187  16:53  Widow Mine  
  187  16:54  Widow Mine x2  
  195  16:56  Orbital Command  
  160  17:10  Marauder, Marine x6  
  160  17:11  Marauder x2  
  172  17:19  Marauder  
  172  17:20  Widow Mine x3  
  180  17:23  Sensor Tower  
  176  17:34  Marauder  
  175  17:37  Marine x4  
  175  17:39  Orbital Command  
  175  17:41  Widow Mine  
  175  17:42  Widow Mine  
  181  17:50  Marauder x3, Marine  
  162  17:55  Marine x2  
  162  18:04  Widow Mine x2  
  164  18:28  Supply Depot  
  164  18:33  Marauder x5, Marine x4  
  177  18:41  Marauder  
  168  18:49  Marine x3  
  168  18:51  Supply Depot  
  171  19:02  Missile Turret  
  171  19:04  Missile Turret x2  
  171  19:06  Marauder  
  171  19:09  Marine  
  171  19:10  Marine  
  171  19:11  Marauder, Marine x2  
  171  19:13  Marauder  
  157  19:18  Widow Mine x3  
  157  19:21  Marine x2  
  164  19:29  Marine x2  
  165  19:34  Orbital Command  
  152  19:49  Missile Turret  
  152  19:55  Marauder x2, Marine x4  
  158  20:03  Marine x2  
  158  20:04  Marauder  
  158  20:06  Marine  
Tags
 
Add a new tag
Caveats
  • Supply blocks, unpowered buildings, or Contaminate may cause inaccurate times.
  • Supply counts are checked every 10 seconds.